 Dungeon Crawl Stone Soup version 0.32-a0-900-g30fb1b0edc (webtiles) character file.

Game seed: 17820535699892995307

8539 Autsider the Summoner (level 11, -3/89 HPs)
             Began as a Mountain Dwarf Summoner on Apr 5, 2024.
             Was an Elder of Kikubaaqudgha.
             Slain by a yak (12 damage)
             ... on level 10 of the Dungeon.
             The game lasted 00:34:02 (9237 turns).

Autsider the Summoner (Mountain Dwarf Summoner)     Turns: 9237, Time: 00:34:03

Health: -3/89      AC: 13    Str: 12    XL:     11   Next: 11%
Magic:  22/22      EV: 11    Int: 19    God:    Kikubaaqudgha [****..]
Gold:   1167       SH:  0    Dex: 16    Spells: 16/25 levels left

rFire   . . .        J - +5 long sword (freeze)
rCold   . . .        (no shield)
rNeg    . . .        E - +0 swamp dragon scales
rPois   +            (no helmet)
rElec   .            w - +0 cloak
rCorr   .            l - +0 pair of gloves
SInv    +            I - +1 pair of boots {Fly}
Will    +....        h - amulet of regeneration
Stlth   +            m - +6 ring of dexterity
HPRegen 1.14/turn    u - ring of see invisible
MPRegen 0.18/turn

%: no passive effects
@: flying
A: runic magic, artefact enchanting
a: Renounce Religion, Unearth Wretches


You were on level 10 of the Dungeon.
You worshipped Kikubaaqudgha.
Kikubaaqudgha was greatly pleased with you.
You visited 2 branches of the dungeon, and saw 11 of its levels.
You also visited: Ossuary and Bailey.

You collected 1293 gold pieces.
You spent 126 gold pieces at shops.

Inventory:

Hand Weapons
 o - a +3 heavy sling
 y - a +2 shortbow of draining
 J - a +5 long sword of freezing (weapon)
 K - a +3 spear
 M - a +2 whip of electrocution
Armour
 a - a +0 robe
 l - a +0 pair of gloves (worn)
 q - a +0 chain mail
 w - a +0 cloak (worn)
 E - +0 swamp dragon scales (worn)
 H - a +2 pair of boots
 I - a +1 pair of boots of flying (worn)
Jewellery
 h - an amulet of regeneration (around neck)
 m - a +6 ring of dexterity (left hand)
 u - a ring of see invisible (right hand)
 B - an amulet of faith
 G - a ring of fire
Wands
 t - a wand of iceblast (12)
Scrolls
 e - 2 scrolls of teleportation {@r2}
 f - a scroll of poison
 g - a scroll of enchant weapon
 j - a scroll of fear
 n - 3 scrolls of enchant armour
 p - 5 scrolls of vulnerability
 v - a scroll of blinking
 C - 2 scrolls of revelation
 D - 2 scrolls of identify {@r1}
 L - a scroll of fog
 N - a scroll of immolation {unknown}
 O - a scroll of torment {unknown}
Potions
 b - a potion of magic
 c - a potion of mutation {unknown}
 d - 2 potions of resistance
 i - 2 potions of degeneration
 k - 6 potions of heal wounds
 r - 2 potions of ambrosia
 s - 5 potions of curing {@q1}
 x - a potion of lignification
 z - a potion of haste
 A - a potion of brilliance
 F - 3 potions of enlightenment


   Skills:
 + Level 6.0 Fighting
 + Level 6.0 Armour
 + Level 4.4 Dodging
 - Level 1.4 Stealth
 + Level 7.5 Spellcasting
 + Level 9.6 Summonings
 + Level 2.2 Necromancy
 - Level 5.0 Fire Magic
 + Level 4.0 Air Magic


You had 16 spell levels left.
You knew the following spells:

 Your Spells              Type           Power      Damage    Failure   Level
a - Summon Small Mammal   Summ           100%       N/A       1%          1
b - Summon Blazeheart Go  Fire/Summ      35%        N/A       5%          4
c - Summon Lightning Spi  Summ/Air       33%        N/A       7%          4

Your spell library contained the following spells:

 Spells                   Type           Power      Damage    Failure   Level
 Call Imp                 Summ           86%        N/A       1%          2
 Call Canine Familiar     Summ           43%        N/A       1%          3
 Shock                    Conj/Air       56%        1d6       4%          1
 Sublimation of Blood     Necr           15%        N/A       7%          2
 Swiftness                Air            22%        N/A       7%          3
 Cigotuvi's Dreadful Rot  Necr/Alch/Air  30%        N/A       8%          2
 Static Discharge         Conj/Air       28%        3-5/arc   8%          2
 Martyr's Knell           Necr/Summ      29%        N/A       10%         4
 Volatile Blastmotes      Fire/Tloc      32%        2d12      12%         3
 Fugue of the Fallen      Necr           15%        N/A       13%         3
 Vampiric Draining        Necr           15%        2d7       13%         3
 Jinxbite                 Hex            14%        N/A       17%         2
 Airstrike                Air            11%        2d(2-18)  22%         4
 Passwall                 Erth           7%         N/A       34%         3
 Teleport Other           Tloc           7%         N/A       34%         3
 Vhi's Electric Charge    Tloc/Air       28%        N/A       45%         4
 Anguish                  Hex/Necr       5%         N/A       56%         4
 Passage of Golubria      Tloc           7%         N/A       75%         4
 Curse of Agony           Necr           15%        N/A       77%         5
 Yara's Violent Unravell  Hex/Alch       3%         3d4       97%         5
 Bombard                  Conj/Erth      3%         9d1       100%        6
 Death Channel            Necr           7%         N/A       100%        6
 Dispersal                Tloc           3%         N/A       100%        6
 Gell's Gavotte           Tloc           3%         2d(13-19) 100%        6
 Enfeeble                 Hex            3%         N/A       100%        7
 Orb of Destruction       Conj           3%         9d5       100%        7


Dungeon Overview and Level Annotations

Branches:
Dungeon (10/15)            Temple (1/1) D:5             Orc (0/2) D:10
Ossuary (visited)          Bailey (visited)
   Lair: D:8-11

Altars:
Ashenzari
Cheibriados
Dithmenos
Elyvilon
Fedhas
Gozag
Hepliaklqana
Kikubaaqudgha
Makhleb
Nemelex Xobeh
Okawaru
Qazlal
Ru
Sif Muna
Trog
Uskayaw
Vehumet
Wu Jian
Xom
Yredelemnul
Zin
The Shining One
Beogh

Shops:
D:1 !   D:4 =


Innate Abilities, Weirdness & Mutations

Your spellcasting is much less encumbered by armour.
You can use scrolls of enchantment on lesser artefacts.


Message History

The yak gores you but does no damage.
You slash the yak! You freeze the yak.
The yak is moderately wounded.
The yak closely misses you. The yak gores you but does no damage.
The yak gores you.
* * * LOW HITPOINT WARNING * * *
The yak gores you but does no damage.
You closely miss the yak.
The yak is moderately wounded.
The yak gores you!
* * * LOW HITPOINT WARNING * * *
The yak gores you but does no damage.
You completely miss the yak.
The yak is moderately wounded.
The yak gores you!
* * * LOW HITPOINT WARNING * * *
The yak gores you.
* * * LOW HITPOINT WARNING * * *
The yak gores you.
* * * LOW HITPOINT WARNING * * *
The yak barely misses you.
You barely miss the yak.
The yak is moderately wounded.
The yak closely misses you. The yak gores you but does no damage.
You barely miss the yak.
The yak is moderately wounded.
The yak gores you.
* * * LOW HITPOINT WARNING * * *
The yak barely misses you.
You slash the yak! You freeze the yak.
The yak is severely wounded.
The yak closely misses you.
The yak gores you but does no damage. x3
You hit the yak. You freeze the yak.
The yak is severely wounded.
The yak closely misses you. The yak gores you but does no damage.
You closely miss the yak.
The yak is severely wounded.
The yak gores you!
You die...
Kikubaaqudgha rasps: You have failed me!
Welcome... death!

... .. .. . ### .####.
#..
......###.#####+#######
........#.#...........##
#Y#.#<#.......^...
#@Y>..............
###.....#.######..
#.##..#.# #.. #)##..#.#
### #.##..#.#### ###
#)#####....# #.. #.###
####.###.# #...##
#.....#.# ###..#
#.......#


You could see 2 yaks.

Vanquished Creatures
  A troll (D:9)
  3 nameless horrors
  Prince Ribbit (D:6)
  Grinder (D:6)
  A wyvern (D:9)
  A shadow (D:9)
  3 yaks (D:10)
  Grum (D:8)
  2 ice beasts (D:7)
  12 orc warriors
  A sky beast (D:6)
  2 wolves (D:8)
  3 ogres
  3 centaurs
  A kobold brigand (D:8)
  A weeping skull (Ossuary)
  5 bullfrogs
  3 water moccasin zombies (Ossuary)
  9 wights (D:8)
  3 jellies
  A bombardier beetle (D:5)
  3 hounds
  6 orc priests
  An iguana (D:5)
  2 sleepcaps
  6 orc wizards
  2 crocodile zombies (Ossuary)
  3 mummies
  8 adders
  A shadow imp (D:6)
  2 white imps
  2 ufetubi (D:5)
  2 adder zombies (Ossuary)
  2 dart slugs
  3 ribbon worms
  21 orcs
  5 endoplasms
  6 giant cockroaches
  9 goblins
  6 hobgoblins
  4 quokkas
  3 ball pythons
  10 bats
  2 frilled lizards (D:2)
  11 gnoll zombies (Ossuary)
  2 goblin zombies (D:5)
  7 jackal zombies (Ossuary)
  17 kobolds
  10 orc zombies (Ossuary)
  9 rats
223 creatures vanquished.

Vanquished Creatures (collateral kills)
  Snorg (D:10)
  Maggie (D:8)
  A wyvern (D:7)
  Eustachio (D:6)
  A yak (D:10)
  A steam dragon (D:9)
  An acid dragon (D:10)
  An orc warrior (Bailey)
  A black bear (D:6)
  2 wolves (D:8)
  A centaur (D:6)
  A weeping skull (D:9)
  2 kobold brigands
  A bullfrog (D:9)
  12 wights
  A hound (D:6)
  3 iguanas
  An orc wizard (D:6)
  10 orcs
  A goblin (D:7)
  3 hobgoblins (D:7)
  6 kobolds
  A spectral orc (D:9)
54 creatures vanquished.

Vanquished Creatures (others)
  35 blazeheart cores
35 creatures vanquished.

Grand Total: 312 creatures vanquished

Notes
Turn   | Place    | Note
-------+----------+-------------------------------------------
     0 | D:1      | Autsider the Mountain Dwarf Summoner began the quest for
                  | the Orb.
     0 | D:1      | Reached XP level 1. HP: 14/14 MP: 3/3
    62 | D:1      | Got Dulaoxko's Directory of Violent Direction
   197 | D:1      | Reached XP level 2. HP: 20/20 MP: 5/5
   300 | D:1      | Found Kiodorph's Distillery.
   305 | D:1      | Bought a potion of degeneration for 14 gold pieces
   725 | D:2      | Reached XP level 3. HP: 26/26 MP: 6/6
  1036 | D:2      | Found an ornate altar of the Wu Jian Council.
  1839 | D:3      | Found a shadowy altar of Dithmenos.
  2147 | D:4      | Reached skill level 5 in Summonings
  2147 | D:4      | Reached XP level 4. HP: 33/33 MP: 8/8
  2152 | D:4      | Learned a level 4 spell: Summon Blazeheart Golem
  2210 | D:4      | Reached skill level 1 in Fire Magic
  2275 | D:4      | Reached XP level 5. HP: 18/38 MP: 9/9
  2308 | D:4      | Learned a level 4 spell: Summon Lightning Spire
  2523 | D:4      | Found Ableamnu's Jewellery Boutique.
  2681 | D:1      | Bought a potion of lignification for 42 gold pieces
  2681 | D:1      | Bought a potion of heal wounds for 70 gold pieces
  2723 | D:5      | Entered Level 5 of the Dungeon
  2730 | D:5      | Noticed an ogre
  2755 | D:5      | Found a sand-covered staircase.
  2756 | D:5      | Noticed a centaur
  2781 | Ossuary  | Entered an ossuary
  2802 | Ossuary  | Reached XP level 6. HP: 40/45 MP: 9/11
  3159 | Ossuary  | Reached skill level 5 in Fire Magic
  3159 | Ossuary  | Reached XP level 7. HP: 37/50 MP: 9/12
  3233 | D:5      | Found an ornate altar of the Wu Jian Council.
  3316 | D:5      | Reached skill level 6 in Summonings
  3700 | D:5      | Found a staircase to the Ecumenical Temple.
  3718 | Temple   | Entered the Ecumenical Temple
  3760 | Temple   | Became a worshipper of Kikubaaqudgha
  3976 | D:6      | Reached skill level 5 in Spellcasting
  4014 | D:6      | Reached skill level 7 in Summonings
  4064 | D:6      | Reached XP level 8. HP: 57/57 MP: 15/15
  4252 | D:6      | Noticed a nameless horror
  4261 | D:6      | Killed a nameless horror
  4398 | D:6      | Noticed Eustachio
  4411 | D:6      | Killed Eustachio
  4547 | D:6      | Found a snail-covered altar of Cheibriados.
  4671 | D:6      | Reached skill level 1 in Fighting
  4708 | D:6      | Reached skill level 1 in Armour
  4708 | D:6      | Reached skill level 8 in Summonings
  4708 | D:6      | Noticed Grinder
  4718 | D:6      | Killed Grinder
  4719 | D:6      | Reached skill level 1 in Air Magic
  4866 | D:6      | Noticed Prince Ribbit
  4914 | D:6      | Killed Prince Ribbit
  4915 | D:6      | Reached XP level 9. HP: 67/67 MP: 14/18
  5483 | D:7      | Found a flagged portal.
  5488 | D:7      | Reached * piety under Kikubaaqudgha
  5488 | D:7      | Received a gift from Kikubaaqudgha
  5509 | Bailey   | Entered a bailey
  5980 | D:7      | Noticed a nameless horror
  6024 | D:7      | Killed a nameless horror
  6437 | D:8      | Reached ** piety under Kikubaaqudgha
  6634 | D:8      | Noticed Grum
  6640 | D:8      | Reached XP level 10. HP: 69/79 MP: 15/20
  6650 | D:8      | Killed Grum
  6771 | D:8      | Reached skill level 9 in Summonings
  7158 | D:8      | Noticed Maggie
  7166 | D:8      | Killed Maggie
  7366 | D:8      | Reached skill level 5 in Armour
  7389 | D:9      | Reached skill level 5 in Fighting
  7760 | D:9      | Reached *** piety under Kikubaaqudgha
  7760 | D:9      | Received a gift from Kikubaaqudgha
  7908 | D:9      | Found a basalt altar of Yredelemnul.
  8524 | D:9      | Reached skill level 1 in Necromancy
  8647 | D:10     | Entered Level 10 of the Dungeon
  8647 | D:10     | Found a blossoming altar of Fedhas.
  8711 | D:10     | Noticed Snorg
  8725 | D:10     | Killed Snorg
  8826 | D:10     | Reached XP level 11. HP: 72/89 MP: 11/22
  9011 | D:10     | Found a roughly hewn altar of Beogh.
  9011 | D:10     | Found a staircase to the Orcish Mines.
  9154 | D:10     | Reached **** piety under Kikubaaqudgha
  9232 | D:10     | HP: 4/89 [yak (1)]
  9237 | D:10     | Slain by a yak

Illustrated notes

Levels and vault maps discovered:
D:1:      amcnicky_arrival_double_pillar, layout_loops_ring, serial_shops,
          nicolae_shop_hallway_plus
D:2:      layout_basic, basic_altar
D:3:      layout_rooms, grunt_dithmenos_smoke_and_mirrors,
          chequers_serial_rivers_small_3, minmay_misc_feat_tower,
          corexii_leaking_fountain
D:4:      layout_rooms, serial_shops, nicolae_shop_back_alley_shop
D:5:      layout_rooms, nicolae_wu_jian_glorious_leap,
          minmay_temple_entry_arrows, nicolae_ossuary_entry_giza,
          gup_sewer_entry_spiral, kennysheep_nub
D:6:      layout_loops_cross, cheibrodos_worm_habitat,
          serial_library_hellmonk_long_bookcase, nicolae_fountain_basement,
          uniq_prince_ribbit1, uniq_grinder, uniq_eustachio
D:7:      layout_rooms, enter_bailey_4
D:8:      layout_basic, uniq_grum, uniq_maggie
D:9:      layout_layer_cave, yredelemnul_forgotten_temple_becter, hex_large
D:10:     layout_basic, fedhas_altar_2, david_orc_5, uniq_snorg
Temple:   minmay_crystal_spiral_temple

Skill      XL: |  1  2  3  4  5  6  7  8  9 10 11 |
---------------+----------------------------------+-----
Spellcasting   | 2 3 5 6 7 |  7.5
Summonings     | 5 7 8 9 |  9.6
Fire Magic     | 2 3 5 |  5.0
Fighting       | 2 4 5 6 |  6.0
Armour         | 2 4 5 6 |  6.0
Air Magic      | 1 2 3 4 |  4.0
Dodging        | 2 3 4 |  4.4
Necromancy     | 1 2 |  2.2
Stealth        | |  1.4

Action                     |  1- 3 |  4- 6 |  7- 9 | 10-12 || total
---------------------------+-------+-------+-------+-------++-------
  Melee: Long sword        |   104 |       |       |   101 ||   205
   Fire: Sling             |    19 |   189 |   247 |    42 ||   497
   Cast: Summon Small Mamm |     2 |     4 |     2 |       ||     8
         Summon Blazeheart |       |     1 |    29 |    23 ||    53
         Summon Lightning  |       |       |     4 |     8 ||    12
  Evoke: Wand              |       |       |       |     2 ||     2
    Use: Scroll            |       |     5 |    13 |       ||    18
         Potion            |       |       |     2 |       ||     2
   Stab: Sleeping          |     6 |       |       |       ||     6
 Armour: Robe              |    74 |   100 |   213 |    27 ||   414
         Swamp dragon scal |       |       |       |   144 ||   144
  Dodge: Dodged            |    79 |    88 |   167 |   112 ||   446

Table legend: (Time is in decaauts)
 A = Elapsed time spent in this place.
 B = Non-inter-level travel time spent in this place.
 C = Inter-level travel time spent in this place.
 D = Time resting spent in this place.
 E = Time spent auto-exploring this place.
 F = Levels seen in this place.
 G = Mean time per level.
                   A        B        C        D        E       F      G
               +--------+--------+--------+--------+--------+-----+--------+
         Total |   9702 |   8994 |    708 |    320 |   5653 |  13 |  746.3 |
       Dungeon |   8608 |   7983 |    625 |    211 |   5525 |  10 |  860.8 |
        Temple |     84 |      1 |     83 |      0 |      0 |   1 |   84.0 |
       Ossuary |    504 |    504 |      0 |     36 |      0 |   1 |  504.0 |
        Bailey |    505 |    505 |      0 |     73 |    128 |   1 |  505.0 |
               +--------+--------+--------+--------+--------+-----+--------+

Top non-repeatable levels by time:
     D:9: 1288 daAuts
     D:6: 1200 daAuts
     D:8: 1175 daAuts
     D:2: 1035 daAuts
     D:5: 776 daAuts
     D:7: 756 daAuts
     D:1: 692 daAuts
    D:10: 615 daAuts
     D:4: 568 daAuts
  Bailey: 505 daAuts
 Ossuary: 504 daAuts
     D:3: 500 daAuts
  Temple: 84 daAuts
